 Dungeon Crawl Stone Soup version 0.30.0-18-gc0e69614cb (webtiles) character file.

Game seed: 10475566572108151527

58 cheesebisquit the Gusty (level 4, 0/24 HPs)
             Began as a Tengu Air Elementalist on May 24, 2023.
             Succumbed to a scorpion's poison
             ... on level 2 of the Dungeon.
             The game lasted 00:07:03 (1922 turns).

cheesebisquit the Gusty (Tengu Air Elementalist)    Turns: 1922, Time: 00:07:04

Health: 0/24       AC:  5    Str:  9    XL:     4   Next: 2%
Magic:  6/9        EV: 12    Int: 20    God:
Gold:   45         SH:  0    Dex: 14    Spells: 2/8 levels left

rFire   + . .        m - +9 hand axe of Inference {venom, rF+ rN+ Stlth+}
rCold   . . .        (no shield)
rNeg    + . .        a - +0 robe
rPois   .            l - +2 hat {Int+3}
rElec   .            g - scarf {+Inv}
rCorr   .            n - +0 pair of gloves
SInv    .            (boots unavailable)
Will    .....        (no amulet)
Stlth   +++          (no ring)
HPRegen 0.24/turn    (no ring)
MPRegen 0.11/turn

%: no passive effects
@: lethally poisoned (0 -> -9)
A: beak, talons 3, mutation resistance 1, subdued magic 1
a: Evoke Invisibility


You were on level 2 of the Dungeon.
You visited 1 branch of the dungeon, and saw 2 of its levels.

You collected 45 gold pieces.

Inventory:

Hand Weapons
 k - a +1 dagger of freezing
 m - the +9 hand axe of Inference (weapon) {venom, rF+ rN+ Stlth+}
   (You found it on level 2 of the Dungeon)

   rF:        It protects you from fire.
   rN:        It protects you from negative energy.
   Stlth:     It makes you more stealthy.
Armour
 a - a +0 robe (worn)
 g - a scarf of invisibility (worn)
 l - a +2 hat of intelligence (worn)
 n - a +0 pair of gloves (worn)
Scrolls
 f - a scroll of noise {unknown}
 j - a scroll of identify
Potions
 b - a potion of magic
 e - 2 potions of attraction


   Skills:
 - Level 2.1 Dodging
 - Level 2.0 Stealth
 + Level 2.7 Spellcasting
 + Level 3.0 Conjurations
 + Level 4.9 Air Magic


You had 2 spell levels left.
You knew the following spells:

 Your Spells              Type           Power      Damage    Failure   Level
a - Shock                 Conj/Air       56%        1d6       1%          1
b - Static Discharge      Conj/Air       28%        2-4/arc   3%          2
c - Swiftness             Air            17%        N/A       4%          3

Your spell library contained the following spells:

 Spells                   Type           Power      Damage    Failure   Level
 Airstrike                Air            8%         2d(2-18)  16%         4


Dungeon Overview and Level Annotations

Branches:
Dungeon (2/15)

Altars:


Innate Abilities, Weirdness & Mutations

You have a beak for a mouth.
You have claws for feet.
You are somewhat resistant to further mutation.
Your spells are a little easier to cast, but a little less powerful.


Message History

You start memorising the spell.
You continue memorising. x3
You finish memorising.
Spell assigned to 'c'.
A goblin comes into view. It is wielding a +0 club.
The zap hits the goblin.
You kill the goblin!
You see here a +0 dagger.
A scorpion comes into view.
You have nothing you can fire or use right now.
Okay, then.
Okay, then.
The zap hits the scorpion.
The scorpion is lightly wounded.
The zap hits the scorpion but does no damage.
The scorpion is lightly wounded.
The zap hits the scorpion.
The scorpion is moderately wounded.
The zap misses the scorpion.
The scorpion attacks as you move away! The scorpion stings you!
You are poisoned.
The scorpion poisons you!
You feel very sick.
Okay, then.
As you read the scroll labelled MINOXU YDWAMUG, it crumbles to dust.
It is a scroll of identify.
e - 2 potions of attraction You feel sick.
The scorpion stings you.
You are more poisoned.
The scorpion poisons you!
It was a potion of mutation.
You feel extremely strange.
You feel genetically stable.
Your connection to magic feels subdued.
* * * LOW HITPOINT WARNING * * *
You feel very sick.
The scorpion stings you but does no damage.
It was a potion of cancellation.
You feel magically purged.
* * * LOW HITPOINT WARNING * * *
You feel very sick.
The scorpion stings you but does no damage.
This is a scroll of acquirement!
Something appears before you!
You die...

#..#.#.#########
#...............
###..###.#.#######
#........#..####
##.#########....#
#........# ####.#
#........# #.###
#........# ####...#
#.@......# #......#
#.s......# #.......
##.####### #.....#.
#######.## #.....##
)........# #.....#
........)########.....#
................#......
..........#####.#...####
#######.#.# ##.# ≈≈≈


You could see a scorpion.

Vanquished Creatures
  3 worms (D:2)
  2 dart slugs (D:1)
  3 bats
  An endoplasm (D:1)
  4 giant cockroaches
  7 hobgoblins
  4 jackals (D:1)
  A quokka (D:1)
  A ball python (D:1)
  2 frilled lizards
  5 goblins
  5 kobolds
  4 rats (D:1)
42 creatures vanquished.

Vanquished Creatures (others)
  An adder (D:2)
1 creature vanquished.

Grand Total: 43 creatures vanquished

Notes
Turn   | Place    | Note
-------+----------+-------------------------------------------
     0 | D:1      | cheesebisquit the Tengu Air Elementalist began the quest
                  | for the Orb.
     0 | D:1      | Reached XP level 1. HP: 10/10 MP: 4/4
    85 | D:1      | Reached XP level 2. HP: 14/15 MP: 0/6
   352 | D:1      | Learned a level 2 spell: Static Discharge
   390 | D:1      | Reached XP level 3. HP: 19/19 MP: 2/7
   892 | D:1      | Found a faded altar of an unknown god.
  1544 | D:2      | Identified the +9 hand axe of Inference {venom, rF+ rN+
                  | Stlth+}
  1865 | D:2      | Reached XP level 4. HP: 24/24 MP: 6/9
  1869 | D:2      | Learned a level 3 spell: Swiftness
  1907 | D:2      | Noticed a scorpion
  1920 | D:2      | Gained mutation: You are somewhat resistant to further
                  | mutation. [potion of mutation]
  1920 | D:2      | Gained mutation: Your spells are a little easier to cast,
                  | but a little less powerful. [potion of mutation]
  1922 | D:2      | Identified a scroll of acquirement
  1922 | D:2      | Acquired a staff of conjuration
  1922 | D:2      | Succumbed to a scorpion's poison

Illustrated notes

Levels and vault maps discovered:
D:1:      sevenhm_arrival_forest_fort_small_6, layout_loops_ring,
          ebering_ecumenical_altar_box
D:2:      minmay_inner_zag, layout_basic, chequers_serial_rivers_large_a,
          lemuel_flame_loot_1, uniq_jessica

Skill      XL: |  1  2  3 |
---------------+----------+-----
Conjurations   | 2 3 |  3.0
Dodging        | |  2.1
Stealth        | |  2.0
Spellcasting   | |  2.7
Air Magic      | |  4.9

Action                     |  1- 3 |  4- 6 || total
---------------------------+-------+-------++-------
  Melee: Unarmed           |    19 |       ||    19
         Kick              |     6 |       ||     6
         Peck              |     4 |       ||     4
         Punch             |     1 |       ||     1
         Dagger            |     2 |       ||     2
   Cast: Shock             |    79 |     5 ||    84
    Use: Scroll            |       |     2 ||     2
         Potion            |       |     2 ||     2
 Armour: Robe              |     4 |     2 ||     6
  Dodge: Dodged            |    30 |       ||    30
